 Dungeon Crawl Stone Soup version 0.25-a0-577-ga4619f409e (webtiles) character file.

Game seed: 3005618698656847117, levelgen mode: deterministic

205 An17 the Sneak (level 5, -6/28 HPs)
             Began as a Vampire Enchanter on Mar 2, 2020.
             Killed by divine providence
             ... invoked by an orc priest
              (11 damage)
             ... on level 3 of the Dungeon.
             The game lasted 00:06:07 (1826 turns).

An17 the Sneak (Vampire Enchanter)                  Turns: 1826, Time: 00:06:07

Health: -6/28      AC:  4    Str:  7    XL:     5   Next: 52%
Magic:  1/8        EV: 13    Int: 18    God:
Gold:   93         SH:  0    Dex: 15    Spells: 3/9 levels left

rFire    . . .     SeeInvis +   a - +1 dagger
rCold    + + .     Gourm    .   (no shield)
rNeg     + + +     Faith    .   b - +1 robe
rPois    ∞         Spirit   .   (no helmet)
rElec    .         Reflect  .   k - +0 cloak
rCorr    .         Harm     .   (no gloves)
MR       .....                  (no boots)
Stlth    +++++.....             (no amulet)
HPRegen  0.00/turn              (no ring)
MPRegen  0.11/turn              (no ring)

@: bloodless
A: no food, fangs 3, see invisible, unbreathing
a: Bat Form, Revivify


You were on level 3 of the Dungeon.
You were bloodless.

You visited 1 branch of the dungeon, and saw 3 of its levels.

You collected 93 gold pieces.

Inventory:

Hand Weapons
 a - a +1 dagger (weapon)
Missiles
 e - 11 poisoned darts (quivered)
Armour
 b - a +1 robe (worn)
 k - a +0 cloak (worn)
Wands
 g - a wand of random effects (24)
Scrolls
 j - a scroll of identify
Potions
 c - a potion of heal wounds {unknown}
 d - 2 potions of degeneration {unknown}
 f - 3 potions of curing {unknown}
 h - a potion of ambrosia
 i - a potion of cancellation {unknown}


   Skills:
 + Level 0.2 Fighting
 + Level 2.2 Short Blades
 + Level 2.7 Dodging
 + Level 6.9 Stealth
 + Level 2.5 Spellcasting
 + Level 5.8 Hexes
 + Level 1.1 Ice Magic


You had 3 spell levels left.
You knew the following spells:

 Your Spells              Type           Power        Failure   Level  Hunger
a - Corona                Hex            ###....      1%          1    N/A
b - Ensorcelled Hibernat  Hex/Ice        ##....       6%          2    N/A
c - Tukima's Dance        Hex            ###.....     4%          3    N/A

Your spell library contained the following spells:

 Spells                   Type           Power        Failure   Level  Hunger
 Confusing Touch          Hex            ###.....     4%          3    N/A
 Dazzling Flash           Conj/Hex       ##....       16%         3    N/A

Dungeon Overview and Level Annotations

Branches:
Dungeon (3/15)

Altars:
Cheibriados
Nemelex Xobeh
Qazlal


Innate Abilities, Weirdness & Mutations

You do not eat.
You do not regenerate when monsters are visible.
You are frail without blood (-20% HP).
You can heal yourself when you bite living creatures.
You are immune to poison.
You have razor-sharp teeth.
You have supernaturally acute eyesight. (SInv)
You can survive without breathing.


Message History

You hit the orc priest but do no damage.
You bite the orc priest, but do no damage.
The orc priest hits you with a +0 dagger.
You hit the orc priest but do no damage.
The orc misses you.
You hit the orc priest but do no damage.
The orc priest hits you with a +0 dagger!
The orc hits you with a +0 war axe.
* * * LOW HITPOINT WARNING * * *
You hit the orc priest but do no damage.
The orc priest looks encouraged for a moment.
The orc closely misses you.
The orc priest looks braver for a moment.
You see here a +0 short sword.
The orc hits you with a +0 war axe.
* * * LOW HITPOINT WARNING * * *
There are monsters nearby!
The orc priest calls down the wrath of Beogh upon you.
Beogh smites you!
You die...

..#####...o..o# ..#
#o#####.# ..# #.# #.#
#.#####o# #.# ....#...#
#)####
....#.#.#####o.o.#
....#.#..)....##o#######
.......................#
....#.####..####@#.#.#.#
....#.####..# #.#.#
.............. ..# #
......#####.######
###...# ... ###..## ..?#
... .....# #.# ####.#
#.# .....# #.#


You could see an orc priest and an orc.

Vanquished Creatures
  Crazy Yiuf (D:2)
  Natasha (thrice) (D:2)
  3 adders
  2 oozes
  4 dart slugs
  2 leopard geckos
  3 orcs (D:3)
  3 giant cockroaches
  6 goblins
  6 hobgoblins
  6 jackals
  5 bats
  7 kobolds
  2 rats
53 creatures vanquished.

Notes
Turn   | Place    | Note
-------+----------+-------------------------------------------
     0 | D:1      | An17 the Vampire Enchanter began the quest for the Orb.
     0 | D:1      | Reached XP level 1. HP: 13/13 MP: 3/3
    68 | D:1      | Reached XP level 2. HP: 14/19 MP: 5/5
    76 | D:1      | Learned a level 2 spell: Ensorcelled Hibernation
   129 | D:1      | Reached skill level 5 in Hexes
   423 | D:1      | Reached skill level 5 in Stealth
   437 | D:1      | Reached XP level 3. HP: 15/19 MP: 2/6
   442 | D:1      | Learned a level 3 spell: Tukima's Dance
   529 | D:2      | Noticed Natasha
   538 | D:2      | Killed Natasha
   539 | D:2      | Reached XP level 4. HP: 24/24 MP: 7/7
   586 | D:2      | Noticed Natasha
   591 | D:2      | Killed Natasha
   591 | D:2      | Reached skill level 6 in Stealth
  1086 | D:2      | Noticed Natasha
  1093 | D:2      | Killed Natasha
  1093 | D:2      | Reached XP level 5. HP: 24/28 MP: 1/8
  1221 | D:2      | Found a sparkling altar of Nemelex Xobeh.
  1351 | D:2      | Found a runed translucent door.
  1352 | D:2      | Noticed Crazy Yiuf
  1361 | D:2      | Killed Crazy Yiuf
  1361 | D:2      | Reached skill level 1 in Ice Magic
  1682 | D:3      | Found a snail-covered altar of Cheibriados.
  1682 | D:3      | Found a stormy altar of Qazlal.
  1826 | D:3      | Killed from afar by an orc priest

Levels and vault maps discovered:
D:1:      wander_arrival_lonely_grave, layout_rooms, minmay_pentomino_w2
D:2:      layout_basic, nemelex_xobeh_ov_fountains_minmay, uniq_natasha,
          uniq_crazy_yiuf_cottage
D:3:      layout_loops_cross, gammafunk_temple_overflow_elements, uniq_sigmund,
          uniq_robin

Skill      XL: |  1  2  3  4  5 |
---------------+----------------+-----
Hexes          | 5 |  5.8
Stealth        | 5 6 |  6.9
Short Blades   | 2 |  2.2
Ice Magic      | 1 |  1.1
Fighting       | |  0.2
Dodging        | |  2.7
Spellcasting   | |  2.5

Action                   |  1- 3 |  4- 6 || total
-------------------------+-------+-------++-------
Melee: Dagger            |    50 |   107 ||   157
       Bite              |     4 |    10 ||    14
 Cast: Corona            |     1 |       ||     1
       Ensorcelled Hiber |     6 |    25 ||    31
 Abil: Exsanguinate      |     1 |       ||     1
  Use: Scroll            |       |     5 ||     5
 Stab: Sleeping          |    13 |    20 ||    33
Armor: Robe              |     7 |    31 ||    38
Dodge: Dodged            |    27 |    70 ||    97

Table legend:
 A = Non-vault XP
 B = Vault XP
 C = Vault XP percentage of total XP
 D = Non-vault monster count
 E = Vault monster count
 F = Vault count percentage of total count
                 A         B        C        D         E       F
            +---------+---------+-------+---------+---------+-------
      Total |     215 |      78 |  26.6 |      49 |       4 |   7.5
            +---------+---------+-------+---------+---------+-------
        D:1 |      39 |       4 |   9.3 |      17 |       2 |  10.5
        D:2 |     142 |      74 |  34.3 |      22 |       2 |   8.3
        D:3 |      34 |       0 |   0.0 |      10 |       0 |   0.0
            +---------+---------+-------+---------+---------+-------
